 Dungeon Crawl Stone Soup version 0.26.1-11-gd32895ea62 (webtiles) character file.

Game seed: 6776303143660070011

481 carroscas the Chopper (level 6, -3/48 HPs)
             Began as a Demonspawn Berserker on May 25, 2021.
             Was a Believer of Trog.
             Slain by Sigmund
             ... wielding a +0 scythe
              (8 damage)
             ... on level 6 of the Dungeon.
             The game lasted 00:16:04 (1675 turns).

carroscas the Chopper (Demonspawn Berserker)        Turns: 1675, Time: 00:16:04

Health: -3/48      AC: 12    Str: 19    XL:     6   Next: 87%
Magic:  6/6        EV:  9    Int:  9    God:    Trog [**....]
Gold:   112        SH: 11    Dex: 12    Spells: 5/5 levels left

rFire    . . .     SeeInvis .   a - +0 hand axe
rCold    . . .     Faith    .   u - +0 tower shield
rNeg     . . .     Spirit   .   s - +3 ring mail {rPois}
rPois    +         Reflect  .   l - +2 helmet
rElec    .         Harm     .   (no cloak)
rCorr    .         Rampage  .   p - +0 pair of gloves
Will     .....                  (no boots)
Stlth    +.........             (no amulet)
HPRegen  0.16/turn              (no ring)
MPRegen  0.10/turn              (no ring)

@: berserk cooldown, flying, slowed, very slow
A: repulsion field 1, demonic guardian 1, powered by pain 2
a: Renounce Religion, Berserk, Trog's Hand


You were on level 6 of the Dungeon.
You worshipped Trog.
Trog was pleased with you.
You visited 1 branch of the dungeon, and saw 5 of its levels.

You collected 112 gold pieces.

Inventory:

Hand Weapons
 a - a +0 hand axe (weapon)
 j - a +0 hunting sling
 k - a +0 dagger
 m - a +0 club
 n - a +1 quarterstaff of holy wrath
 q - a +0 hunting sling
 r - a +0 giant club
Missiles
 e - 22 bolts
 i - 42 stones (quivered)
Armour
 b - a +1 animal skin
 l - a +2 helmet (worn)
 p - a +0 pair of gloves (worn)
 s - a +3 ring mail of poison resistance (worn)
 u - a +0 tower shield (worn)
Scrolls
 c - 5 scrolls of identify
 f - 4 scrolls of remove curse
Potions
 d - a potion of lignification
 g - 2 potions of cancellation
 h - 3 potions of flight
 o - a potion of mutation {unknown}
 t - a potion of attraction {unknown}


   Skills:
 + Level 4.3 Fighting
 + Level 5.4 Axes
 + Level 1.1 Throwing
 + Level 2.5 Armour
 + Level 2.5 Dodging
 + Level 1.1 Stealth
 + Level 0.5 Shields


You had 5 spell levels left.
You didn't know any spells.
Your spell library was empty.

Dungeon Overview and Level Annotations

Branches:
Dungeon (4/15)
 Temple: D:4-7

Altars:
Cheibriados

Annotations:
D:6 Sigmund


Innate Abilities, Weirdness & Mutations

You are surrounded by a mild repulsion field. (EV +2)
A weak demonic guardian rushes to your aid.
You sometimes gain power by taking damage.


Message History

The orc priest mumbles some strange prayers to Beogh against you.
Beogh smites you!
* * * LOW HITPOINT WARNING * * *
You're still recovering from your berserk rage.
You feel very buoyant.
You fly up into the air.
You hear the hiss of an avalanche of sand nearby.
The hound barely misses you. You block the hound's attack.
Sigmund gestures at himself while chanting.
Sigmund flickers and vanishes!
Deactivating autopickup; reactivate with Ctrl-A.
The hound barely misses you. The orc warrior completely misses you.
The hound closely misses you. Something hits you.
* * * LOW HITPOINT WARNING * * *
The orc priest casts a cantrip, but nothing happens.
You block the orc warrior's attack. You block the hound's attack.
The hound bites you.
* * * LOW HITPOINT WARNING * * *
Something hits you!
You die...

$....... #..>..#
#.#####....#
#.....)...#
##.#..###+###.
#o...#.....$.#
#oZ{###.....#
##oh##.# ...#
##5@###'###.###+###.
#..5.....)..........
######..........#
#............#
#............##..
#...###.......#..
#................
#...###........##
#...# ##.....###


You could see an orc warrior, a hound, an orc priest, an orc, a bullfrog
skeleton, a friendly quasit (summoned) and a friendly white imp (summoned).

Vanquished Creatures
  An ice beast (D:6)
  2 ogres (D:4)
  A centaur (D:6)
  A bullfrog skeleton (D:3)
  A worker ant (D:6)
  3 adders
  A shadow imp (D:6)
  A worm (D:2)
  A dart slug (D:2)
  4 leopard geckos
  An orc (D:6)
  4 giant cockroaches
  6 goblins
  5 hobgoblins (D:1)
  3 jackals (D:2)
  A bat (D:1)
  A frilled lizard (D:2)
  A goblin zombie (D:6)
  4 kobolds (D:1)
  6 rats
48 creatures vanquished.

Vanquished Creatures (collateral kills)
  An iguana (D:4)
  Ijyb (D:3)
  A frilled lizard (D:3)
3 creatures vanquished.

Vanquished Creatures (others)
  7 plants (D:1)
7 creatures vanquished.

Grand Total: 58 creatures vanquished

Notes
Turn   | Place    | Note
-------+----------+-------------------------------------------
     0 | D:1      | carroscas the Demonspawn Berserker began the quest for the
                  | Orb.
     0 | D:1      | Reached XP level 1. HP: 18/18 MP: 1/1
   194 | D:1      | Reached skill level 3 in Axes
   222 | D:1      | Gained mutation: You sometimes gain a little power by
                  | taking damage. [demonic ancestry]
   222 | D:1      | Reached XP level 2. HP: 21/24 MP: 2/2
   366 | D:1      | Found a snail-covered altar of Cheibriados.
   569 | D:2      | Gained mutation: You are surrounded by a mild repulsion
                  | field. (EV +2) [demonic ancestry]
   569 | D:2      | Reached XP level 3. HP: 28/29 MP: 3/3
   851 | D:2      | Reached ** piety under Trog
  1031 | D:3      | Gained mutation: A weak demonic guardian rushes to your
                  | aid. [demonic ancestry]
  1031 | D:3      | Reached XP level 4. HP: 36/37 MP: 4/4
  1115 | D:3      | Noticed Ijyb
  1133 | D:3      | Killed Ijyb
  1134 | D:3      | Reached skill level 4 in Axes
  1185 | D:3      | You fall into a shaft and drop 1 floor!
  1314 | D:4      | Noticed an ogre
  1329 | D:4      | Killed an ogre
  1330 | D:4      | Gained mutation: You sometimes gain power by taking damage.
                  | [demonic ancestry]
  1330 | D:4      | Reached XP level 5. HP: 39/42 MP: 5/5
  1503 | D:4      | Noticed an ogre
  1510 | D:4      | Killed an ogre
  1511 | D:4      | Reached XP level 6. HP: 27/48 MP: 6/6
  1523 | D:4      | You fall into a shaft and drop 2 floors!
  1534 | D:6      | Reached skill level 5 in Axes
  1651 | D:6      | Noticed an ice beast
  1652 | D:6      | Noticed an orc warrior
  1654 | D:6      | Noticed Sigmund
  1664 | D:6      | Reached skill level 1 in Throwing
  1664 | D:6      | Reached skill level 1 in Stealth
  1666 | D:6      | Killed an ice beast
  1675 | D:6      | Slain by Sigmund

Illustrated notes

Levels and vault maps discovered:
D:1:      tarquinn_simple_flora_water_a, layout_loops_ring,
          corexii_leaking_fountain, kennysheep_flooded_box
D:2:      layout_basic
D:3:      minmay_skewed_foursquare, layout_basic, uniq_ijyb
D:4:      layout_basic
D:6:      layout_rooms, nicolae_ossuary_entry_giza, kennysheep_generic_room_5,
          uniq_sigmund

Skill      XL: |  1  2  3  4  5  6 |
---------------+-------------------+-----
Axes           | 3 4 5 |  5.4
Armour         | 2 |  2.5
Dodging        | 2 |  2.5
Fighting       | 4 |  4.3
Throwing       | 1 |  1.1
Stealth        | 1 |  1.1
Shields        | |  0.5

Action                   |  1- 3 |  4- 6 || total
-------------------------+-------+-------++-------
Melee: Hand axe          |   114 |    61 ||   175
Throw: Stone             |       |    18 ||    18
Invok: Berserk           |     3 |     2 ||     5
       Trog's Hand       |       |     1 ||     1
  Use: Scroll            |     3 |     5 ||     8
       Potion            |       |     1 ||     1
 Stab: Sleeping          |     2 |       ||     2
       Distracted        |       |     1 ||     1
Armor: Animal skin       |    30 |     1 ||    31
       Ring mail         |       |    21 ||    21
Dodge: Dodged            |    76 |    49 ||   125
Block: Tower shield      |       |    25 ||    25
